 Dungeon Crawl Stone Soup version 0.32-a0-131-g9dbbe29261 (webtiles) character file.

Game seed: 4289891314093695866

37 zeratav the Sneak (level 3, 0/23 HPs)
             Began as an Octopode Shapeshifter on Feb 8, 2024.
             Succumbed to an adder's poison
             ... on level 2 of the Dungeon.
             The game lasted 00:01:06 (834 turns).

zeratav the Sneak (Octopode Shapeshifter)            Turns: 834, Time: 00:01:07

Health: 0/23       AC:  1    Str: 15    XL:     3   Next: 39%
Magic:  3/3        EV: 13    Int: 12    God:
Gold:   37         SH:  0    Dex: 11    Spells: 2/2 levels left

rFire   . .          .
                       - Unarmed
rCold   . . .        (no shield)
rNeg    . . .        (helmet currently unavailable)
rPois   .            (no amulet)
rElec   .            (no ring)
rCorr   .            (no ring)
SInv    .            (no ring)
Will    .....        (no ring)
Stlth   +++          (no ring)
HPRegen 0.23/turn    (no ring)
MPRegen 0.08/turn    (no ring)
                     (no ring)

%: no passive effects
@: lethally poisoned (0 -> -3), beast-form
A: beast (slay +1), almost no armour, amphibious, 8 rings, camouflage 1,
gelatinous body 1, (nimble swimmer 1), tentacles
a: Begin Untransformation


You were on level 2 of the Dungeon.
You were a hulking beast.
You visited 1 branch of the dungeon, and saw 2 of its levels.

You collected 37 gold pieces.


Innate Abilities, Weirdness & Mutations

You are a hulking beast.
Your limbs bulge with bestial killing power. (Slay +1)
You cannot wear most types of armour.
You are amphibious.
You can wear up to eight rings at the same time.
Your skin changes colour to match your surroundings (Stealth+).
Your rubbery body absorbs attacks. (AC +1, EV +1)
((You are camouflaged when in or above water. (Stealth+)))
You have tentacles for arms and can constrict up to eight enemies at once.


   Skills:
 - Level 1.0 Fighting
 - Level 2.0 Dodging
 + Level 4.3 Stealth
 - Level 3.0 Unarmed Combat
 - Level 3.0 Shapeshifting


You had 2 spell levels left.
You didn't know any spells.
Your spell library was empty.

Inventory:

Talismans
 b - a beast talisman
 c - a flux talisman
Scrolls
 e - a scroll of identify {unknown}
Potions
 a - a potion of lignification {!q}
 d - a potion of attraction {unknown}
 f - a potion of curing {unknown}

Dungeon Overview and Level Annotations

Branches:
Dungeon (2/15) Zot: 11169

Altars:

#.. #.... ##
.##...#.... #.
......#.... #..
##....#.... ###..
........... ......
#...†.... ......#####
#...#.)..
..........####
#....##.. #h.....#
##.#.....
#....#S.##)####.###...
####.##.##....#.###...
#. ...####.........
####...# ###.#.....
##.... #....##.
#..........##.
#..#......##.
..(#..>.###


You could see an adder.


Message History

A kobold is nearby!
A kobold is nearby!
The helpless kobold fails to defend itself.
You bludgeon the kobold!
You kill the kobold!
An endoplasm comes into view.
An endoplasm comes into view.
You see here a +0 dagger {short}.
An endoplasm comes into view.
A kobold comes into view. It is wielding a +0 whip.
An adder comes into view.
The helpless endoplasm fails to defend itself.
You tentacle-slap the endoplasm. The endoplasm freezes you.
You are frozen.
HP[-4]
You take 4 damage, and now have 19/23 hp.
The endoplasm quivers.
You tentacle-slap the endoplasm. You tentacle-slap the endoplasm.
Your squeeze misses the endoplasm.
The kobold shouts!
The adder hisses angrily.
The kobold throws a stone.
The stone hits you. The endoplasm freezes you.
You are frozen.
HP[-3]
You take 3 damage, and now have 16/23 hp.
The endoplasm quivers.
You tentacle-slap the endoplasm.
You kill the endoplasm!
The kobold throws a stone.
The stone hits you.
The endoplasm jiggles.
The endoplasm misses you. The endoplasm freezes you.
You are frozen.
HP[-3]
You take 3 damage, and now have 13/23 hp.
You tentacle-slap the endoplasm but do no damage.
The endoplasm hits you.
* * * LOW HITPOINT WARNING * * *
The endoplasm hits you but does no damage.
You are too injured to fight recklessly!
HP[-2]
You take 2 damage, and now have 11/23 hp.
You are too injured to fight recklessly!
You are too injured to fight recklessly!
You are too injured to fight recklessly!
You are too injured to fight recklessly!
You are too injured to fight recklessly!
You are too injured to fight recklessly!
You are too injured to fight recklessly!
You are too injured to fight recklessly!
You are too injured to fight recklessly!
You are too injured to fight recklessly!
You are too injured to fight recklessly!
You are too injured to fight recklessly!
You are too injured to fight recklessly!
You are too injured to fight recklessly!
You are too injured to fight recklessly!
You are too injured to fight recklessly!
You are too injured to fight recklessly!
You are too injured to fight recklessly!
You tentacle-slap the endoplasm.
The kobold throws a stone.
The stone completely misses you.
The stone hits the endoplasm.
The endoplasm freezes you.
You are frozen.
* * * LOW HITPOINT WARNING * * *
The endoplasm hits you.
* * * LOW HITPOINT WARNING * * *
HP[-4]
You take 4 damage, and now have 7/23 hp.
You tentacle-slap the endoplasm. You squeeze the endoplasm.
You kill the endoplasm!
The endoplasm misses you.
The kobold throws a stone.
The stone misses you.
The stone completely misses the endoplasm.
HP[+1]
You tentacle-slap the endoplasm.
You kill the endoplasm!
You closely miss the kobold. You grab the kobold. You squeeze the kobold.
You kill the kobold!
You tentacle-slap the adder. Your grab misses the adder.
Your tentacle-slap misses the adder.
The adder bites you.
* * * LOW HITPOINT WARNING * * *
You are poisoned.
The adder poisons you!
HP[-2]
You take 2 damage, and now have 6/23 hp.
You miss the adder. Your grab misses the adder. Your squeeze misses the adder.
* * * LOW HITPOINT WARNING * * *
You feel sick. The adder closely misses you.
HP[-1]
You take 1 damage, and now have 5/23 hp.
You closely miss the adder. Your grab misses the adder. You squeeze the adder.
* * * LOW HITPOINT WARNING * * *
You feel sick. The adder bites you.
* * * LOW HITPOINT WARNING * * *
The adder closely misses you.
HP[-4]
You take 4 damage, and now have 1/23 hp.
You barely miss the adder. Your grab misses the adder.
You die...

Skill      XL: |  1  2  3 |
---------------+----------+-----
Stealth        | 2 3 4 |  4.3
Fighting       | |  1.0
Dodging        | |  2.0
Unarmed Combat | |  3.0
Shapeshifting  | |  3.0

Action                     || total
---------------------------++-------
  Melee: Unarmed           ||    48
         Tentacles         ||    11
         Constrict         ||    10
   Stab: Sleeping          ||     9
 Armour: Skin              ||    14
  Dodge: Dodged            ||    19

Levels and vault maps discovered:
D:1:      sevenhm_arrival_forest_fort_large_2, layout_loops_ring
D:2:      minmay_chambers_of_ones, layout_rooms

Notes
Turn   | Place    | Note
-------+----------+-------------------------------------------
     0 | D:1      | zeratav the Octopode Shapeshifter began the quest for the
                  | Orb.
     0 | D:1      | Reached XP level 1. HP: 13/13 MP: 1/1
     0 | D:1      | magus.rc [v1.9.6]
    56 | D:1      | Reached skill level 1 in Stealth
   128 | D:1      | Reached skill level 2 in Stealth
   129 | D:1      | Reached XP level 2. HP: 15/18 MP: 2/2
   232 | D:1      | Reached skill level 3 in Stealth
   726 | D:2      | Reached XP level 3. HP: 23/23 MP: 3/3
   737 | D:2      | Reached skill level 4 in Stealth
   832 | D:2      | HP: 5/23 [poisoned by an adder]
   833 | D:2      | HP: 1/23 [adder (3)]
   834 | D:2      | Succumbed to an adder's poison

Vanquished Creatures
  2 dart slugs (D:1)
  7 ball pythons
  3 endoplasms (D:2)
  4 goblins (D:1)
  2 hobgoblins (D:2)
  A quokka (D:1)
  A bat (D:1)
  3 frilled lizards
  5 kobolds
  4 rats
32 creatures vanquished.

Table legend:
 A = Non-vault XP
 B = Vault XP
 C = Vault XP percentage of total XP
 D = Non-vault monster count
 E = Vault monster count
 F = Vault count percentage of total count
                 A         B        C        D         E       F
            +---------+---------+-------+---------+---------+-------
      Total |      53 |       0 |   0.0 |      32 |       0 |   0.0
            +---------+---------+-------+---------+---------+-------
        D:1 |      32 |       0 |   0.0 |      18 |       0 |   0.0
        D:2 |      21 |       0 |   0.0 |      14 |       0 |   0.0
            +---------+---------+-------+---------+---------+-------

Skill      XL: |  1  2  3 |
---------------+----------+-----
Stealth        | 2 3 4 |  4.3
Fighting       | |  1.0
Dodging        | |  2.0
Unarmed Combat | |  3.0
Shapeshifting  | |  3.0

Action                     || total
---------------------------++-------
  Melee: Unarmed           ||    48
         Tentacles         ||    11
         Constrict         ||    10
   Stab: Sleeping          ||     9
 Armour: Skin              ||    14
  Dodge: Dodged            ||    19

Illustrated notes

Table legend:
 A = Kills in this place as a percentage of kills in the entire game.
 B = Kills by you in this place as a percentage of kills by you in the entire game.
 C = Kills by friends in this place as a percentage of kills by friends in the entire game.
 D = Other kills in this place as a percentage of other kills in the entire game.
 E = Experience gained in this place as a percentage of experience gained in the entire game.
 F = Experience gained in this place divided by the number of levels of this place that you have seen.
                   A       B       C       D       E      F
               +-------+-------+-------+-------+-------+----------------------
         Total | 100.0 | 100.0 |   N/A |   N/A | 100.0 |  26.5
       Dungeon | 100.0 | 100.0 |   N/A |   N/A | 100.0 |  26.5
               +-------+-------+-------+-------+-------+----------------------

Table legend: (Time is in decaauts)
 A = Elapsed time spent in this place.
 B = Non-inter-level travel time spent in this place.
 C = Inter-level travel time spent in this place.
 D = Time resting spent in this place.
 E = Time spent auto-exploring this place.
 F = Levels seen in this place.
 G = Mean time per level.
                   A        B        C        D        E       F      G
               +--------+--------+--------+--------+--------+-----+--------+
         Total |    830 |    781 |     49 |      0 |    647 |   2 |  415.0 |
       Dungeon |    830 |    781 |     49 |      0 |    647 |   2 |  415.0 |
               +--------+--------+--------+--------+--------+-----+--------+

Top non-repeatable levels by time:
     D:1: 719 daAuts
     D:2: 110 daAuts
